 Dungeon Crawl Stone Soup version 0.21-a0-405-gf2af9a1 (webtiles) character file.

19 Heskey the Chucker (level 2, -7/31 HPs)
             Began as an Ogre Hunter on Nov 1, 2017.
             Killed from afar by Natasha (10 damage)
             ... with a magic dart
             ... on level 2 of the Dungeon.
             The game lasted 00:01:06 (803 turns).

Heskey the Chucker (Ogre Hunter)                     Turns: 803, Time: 00:01:07

Health: -7/31      AC:  3    Str: 15    XL:     2   Next: 75%
Magic:  2/2        EV: 10    Int: 12    God:
Gold:   43         SH:  0    Dex:  9    Spells: 1/1 levels left

rFire    . . .     SeeInvis .   e - +0 club
rCold    . . .     Gourm    .   (no shield)
rNeg     . . .     Faith    .   b - +0 robe
rPois    .         Spirit   .   (helmet restricted)
rElec    .         Reflect  .   (no cloak)
rCorr    .         Harm     .   (gloves unavailable)
MR       .....                  (boots unavailable)
Stlth    +.........             (no amulet)
HPRegen  0.10/turn              (no ring)
MPRegen  0.08/turn              (no ring)

@: slowed, very slow
A: unfitting armour, tough skin 1
a: no special abilities


You were on level 2 of the Dungeon.
You were not hungry.

You visited 1 branch of the dungeon, and saw 2 of its levels.

You collected 43 gold pieces.

Inventory:

Hand Weapons
 e - a +0 club (weapon)
Missiles
 c - a large rock (quivered)
 d - 2 throwing nets
Armour
 b - a +0 robe (worn)
Jewellery
 a - an uncursed ring of wizardry {unknown}
Scrolls
 h - a scroll of teleportation {unknown}
Comestibles
 f - 2 bread rations
 g - a royal jelly


   Skills:
 + Level 3.5 Fighting
 - Level 4.0 Throwing
 + Level 2.3 Dodging
 - Level 0.9 Stealth


You had one spell level left.
You didn't know any spells.

Dungeon Overview and Level Annotations

Branches:
Dungeon (2/15)

Altars:

Annotations:
D:2 Natasha


Innate Abilities, Weirdness & Mutations

You are too large for most types of armour.
You have tough skin. (AC +1)


Message History

The large rock closely misses the goblin.
Natasha stares at you and mumbles some strange words.
The magic dart hits you!
* * * LOW HITPOINT WARNING * * *
Natasha claws you.
* * * LOW HITPOINT WARNING * * *
Natasha claws you.
* * * LOW HITPOINT WARNING * * *
Throwing (i - inventory. (,) - cycle):
c - 2 large rocks (quivered)
Press: ? - help, Shift-Dir - straight line, f/p - Natasha
Aim: Natasha (almost dead)
You throw a large rock. The large rock barely misses Natasha.
The large rock closely misses the goblin.
Natasha stares at you and mumbles some strange words.
You feel as though you will be slow longer.
Natasha stares at you and mumbles some strange words.
You feel as though you will be slow longer.
Natasha stares at you and mumbles some strange words.
The magic dart hits you!
You die...

.# #. #.# #. #.#
#####. #.#
......# ###.# .
..... ...# ...
.5. #..#
.....#5###..#####
.(....gh@..<....#
.....####.......#
### #..........
#.......###
#.####..# #.. .##
#.# # #.#


You could see Natasha, 2 white imps and a goblin.

Vanquished Creatures
  2 dart slugs (D:1)
  3 bats (D:1)
  3 giant cockroaches (D:1)
  2 goblins (D:1)
  2 hobgoblins (D:1)
  A frilled lizard (D:1)
  2 kobolds
  A rat (D:1)
16 creatures vanquished.

Notes
Turn   | Place    | Note
-------+----------+-------------------------------------------
     0 | D:1      | Heskey the Ogre Hunter began the quest for the Orb.
     0 | D:1      | Reached XP level 1. HP: 22/22 MP: 1/1
   124 | D:1      | Reached XP level 2. HP: 25/31 MP: 2/2
   790 | D:2      | Noticed Natasha
   803 | D:2      | Killed from afar by Natasha

Vault maps used:
D:1:      dpeg_arrival_signposts, corner_web_ring, fountainhead,
          minmay_misc_feat_nine_boxes
D:2:      grunt_temple_overflow_opulence, first_bread, uniq_natasha

Skill      XL: |  1 |
---------------+----+-----
Fighting       | 3 |  3.5
Dodging        | 2 |  2.3
Throwing       | |  4.0
Stealth        | |  0.9

Action                   || total
-------------------------++-------
Melee: Short sword       ||    18
       Club              ||    66
Throw: Large rock        ||     4
 Stab: Sleeping          ||     1
Armor: Robe              ||    48
Dodge: Dodged            ||    60

Table legend:
 A = Spawn XP
 B = Non-spawn XP
 C = Spawn XP percentage of total XP
 D = Spawn monster count
 E = Non-spawn monster count
 F = Spawn count percentage of total count
 G = Total turns spent on level
                    A         B        C        D         E        F      G
               +---------+---------+-------+---------+---------+-------+---------
         Total |       0 |      28 |   0.0 |       0 |      16 |   0.0 |   803
               +---------+---------+-------+---------+---------+-------+---------
           D:1 |       0 |      27 |   0.0 |       0 |      15 |   0.0 |   786
           D:2 |       0 |       1 |   0.0 |       0 |       1 |   0.0 |    17
               +---------+---------+-------+---------+---------+-------+---------
